AoeStats
← Barracks Obama

Nomad

510910445Analyzed
3v3 RM · 12h ago on Oct 3, 2026· 24m 19s· 6 players
Game mode
Random Map
Map size
210×210
Population
200
Speed
Normal
Resources
Standard
Victory
Conquest
Starting age
Dark Age
Ending age
Imperial Age
RankedLock teamsTeams togetherTeam positionsShared explorationLock speedFull tech treeHidden civsTurbo modeCheats
Victory
Defeat
🇺🇸 Varangians · United States
1218
+13
🇺🇸 Danes · United States
1195
+14
🇺🇸 Byzantines · United States
1117
+16
🇲🇽 Berbers · Mexico
1160
-15
🇨🇳 Mongols · China
1138
-14
🇺🇸 Italians · United States
1131
-14
easymoney
4:10 Loom
14:03 Feudal Age
18:54 Castle Age
21:07 Double-Bit Axe
22:15 Bow Saw
obi1nekinobi
5:00 Loom
15:33 Feudal Age
16:30 Double-Bit Axe
16:33 Fishing Lines
19:19 Castle Age
17:12 Stone Mining
17:53 Fletching
MXShino88
5:18 Loom
14:41 Feudal Age
19:11 Castle Age
17:07 Double-Bit Axe
20:06 Bow Saw
20:14 Town Watch
21:14 Bloodlines
23:31 Bloodlines
bubo bubo
4:14 Loom
15:57 Feudal Age
16:28 Double-Bit Axe
24:35 Castle Age
mentat
4:44 Loom
12:50 Feudal Age
13:22 Double-Bit Axe
15:34 Wheelbarrow
17:05 Castle Age
14:58 Man-at-Arms
15:24 Arson
16:35 Scale Mail Armor
17:11 Long Swordsman
18:14 Chain Mail Armor
18:20 Gambesons
24:26 Forging
Barracks Obama
6:25 Loom
14:00 Feudal Age
19:27 Padded Archer Armor
19:17 Fletching
20:17 Double-Bit Axe
23:43 Castle Age
22:12 Gold Mining
24:19 Bloodlines
24:49 Scale Barding Armor
Connection lost

Rejoining the realm…

Still unreachable

The connection could not be restored.

Session expired

The server has moved on; the page needs a fresh start.